 Dungeon Crawl Stone Soup version 0.26-a0-504-g0cf647090d (webtiles) character file.

Game seed: 6699488116158083886

466 KristoblXynda the Ducker (level 6, -9/48 HPs)
             Began as a Vampire Gladiator on Aug 8, 2020.
             Was a Follower of Ru.
             Mangled by an ice beast (12 damage)
             ... on level 5 of the Dungeon.
             The game lasted 00:06:06 (3829 turns).

KristoblXynda the Ducker (Vampire Gladiator)        Turns: 3829, Time: 00:06:06

Health: -9/48      AC:  5    Str: 11    XL:     6   Next: 81%
Magic:  0/6        EV: 15    Int: 11    God:    Ru [*.....]
Gold:   281        SH:  0    Dex: 16    Spells: 5/5 levels left

rFire    . . .     SeeInvis +   a - +1 long sword
rCold    . . .     Faith    .   (no shield)
rNeg     + + +     Spirit   +   y - +0 leather armour of Creativity {rN+++ Regen+ Str-3}
rPois    +         Reflect  .   c - +1 helmet
rElec    .         Harm     .   (no cloak)
rCorr    .                      (no gloves)
MR       .....                  (no boots)
Stlth    +++.......             w - amulet of guardian spirit
HPRegen  0.76/turn              p - ring of poison resistance
MPRegen  0.10/turn              (no ring)

@: regenerating quickly
A: fangs 3, see invisible, unbreathing, hated by all
a: Exsanguinate, Renounce Religion


You were on level 5 of the Dungeon.
You worshipped Ru.
Ru was aware of your devotion.
You visited 1 branch of the dungeon, and saw 5 of its levels.

You collected 281 gold pieces.

Inventory:

Hand Weapons
 a - a +1 long sword (weapon)
Missiles
 d - 3 throwing nets (quivered)
Armour
 c - a +1 helmet (worn)
 l - a +1 ring mail of fire resistance
 s - a +0 kite shield
 y - the +0 leather armour of Creativity (worn) {rN+++ Regen+ Str-3}
   (You found it on level 4 of the Dungeon)

   It affects your strength (-3).
   It renders you almost immune to negative energy.
   It increases your rate of regeneration.
Jewellery
 p - a ring of poison resistance (left hand)
 w - an amulet of guardian spirit (around neck)
Wands
 r - a wand of polymorph (12)
 z - a wand of flame (12)
Scrolls
 e - a scroll of remove curse
 f - 2 scrolls of immolation
 g - a scroll of magic mapping
 h - a scroll of blinking
 j - a scroll of amnesia
 k - 2 scrolls of enchant weapon
 q - 2 scrolls of fear
Potions
 b - 2 potions of flight
 i - 2 potions of stabbing {unknown}
 m - a potion of haste {unknown}
 n - a potion of resistance {unknown}
 v - a potion of berserk rage {unknown}
 x - 2 potions of curing {unknown}


   Skills:
 + Level 3.6 Fighting
 + Level 4.6 Long Blades
 - Level 2.0 Throwing
 + Level 5.1 Dodging
 + Level 4.7 Stealth


You had 5 spell levels left.
You didn't know any spells.
Your spell library was empty.

Dungeon Overview and Level Annotations

Branches:
Dungeon (5/15)             Temple (0/1) D:5

Altars:
Dithmenos
Qazlal
Ru
Vehumet


Innate Abilities, Weirdness & Mutations

Your natural rate of healing is unusually fast.
You have razor-sharp teeth.
You have supernaturally acute eyesight. (SInv)
You can survive without breathing.
You are hated by all.


Message History

The ice beast is severely wounded.
The ice beast hits you. The ice beast freezes you!
* * * LOW HITPOINT WARNING * * *
You barely miss the ice beast.
The ice beast is severely wounded.
The ice beast barely misses you.
You riposte.
You hit the ice beast.
The ice beast is almost dead.
The ice beast misses you.
You hit the ice beast. Your bite misses the ice beast.
The ice beast is almost dead.
The ice beast hits you.
* * * LOW HITPOINT WARNING * * *
The ice beast freezes you!
* * * LOW HITPOINT WARNING * * *
You barely miss the ice beast.
The ice beast is almost dead.
The ice beast hits you.
* * * LOW HITPOINT WARNING * * *
The ice beast freezes you!
You die...

.....#......# #.#.#..............
.....#......# #.#.#...........###
.....#.....####.#.#......#+##.###
..................#......# .....
###.##......<.#.#.#......#)#..##.
#..##........#........ #. #..
#................. ... #..
#...#.#..###..#..# ..... ..
.....#.#@......#.## .##.. ..
....>....Y........# ..##. .
..................# ._.#. #.
.........(.#....# .#
................#
................ ....#.#....#....
....#.#.......#


You could see an ice beast.

Vanquished Creatures
  An ogre (D:4)
  A scorpion (D:4)
  A hound (D:4)
  4 worker ants (D:4)
  Robin (D:3)
  4 adders
  6 gnolls (D:4)
  2 oozes
  3 worms
  3 dart slugs
  2 leopard geckos (D:2)
  5 bats
  6 giant cockroaches
  19 goblins
  6 hobgoblins
  2 jackals (D:2)
  A quokka (D:2)
  2 ball pythons
  5 frilled lizards
  A jackal skeleton (D:5)
  7 kobolds
  9 rats
91 creatures vanquished.

Notes
Turn   | Place    | Note
-------+----------+-------------------------------------------
     0 | D:1      | KristoblXynda the Vampire Gladiator began the quest for the
                  | Orb.
     0 | D:1      | Reached XP level 1. HP: 16/16 MP: 1/1
   195 | D:1      | Reached XP level 2. HP: 11/22 MP: 2/2
   797 | D:2      | Reached XP level 3. HP: 25/27 MP: 3/3
  1134 | D:2      | Reached skill level 1 in Stealth
  1414 | D:3      | Found a sacrificial altar of Ru.
  1436 | D:3      | Became a worshipper of Ru the Awakened
  1484 | D:3      | Reached XP level 4. HP: 24/34 MP: 4/4
  1486 | D:3      | Reached skill level 4 in Dodging
  1989 | D:3      | Noticed Robin
  2025 | D:3      | Killed Robin
  2025 | D:3      | Reached XP level 5. HP: 39/40 MP: 5/5
  2407 | D:4      | HP: 2/41 [poisoned by a worker ant]
  2413 | D:4      | HP: 2/41 [poisoned by a worker ant]
  2785 | D:4      | Noticed an ogre
  2792 | D:4      | Killed an ogre
  2792 | D:4      | Reached XP level 6. HP: 47/47 MP: 6/6
  2799 | D:4      | Gained mutation: You are hated by all. [Ru sacrifice]
  2799 | D:4      | Reached * piety under Ru
  2923 | D:4      | Found a stormy altar of Qazlal.
  2926 | D:4      | Noticed an air elemental
  2926 | D:4      | Noticed a fire elemental
  2926 | D:4      | Noticed a water elemental
  3037 | D:4      | Reached skill level 5 in Dodging
  3535 | D:4      | Got a heavily runed leather armour
  3546 | D:4      | Identified the +0 leather armour of Creativity {rN+++
                  | Regen+ Str-3} (You found it on level 4 of the Dungeon)
  3664 | D:5      | Entered Level 5 of the Dungeon
  3664 | D:5      | Found a shadowy altar of Dithmenos.
  3705 | D:5      | Found a radiant altar of Vehumet.
  3752 | D:5      | Found a staircase to the Ecumenical Temple.
  3812 | D:5      | Noticed an ice beast
  3829 | D:5      | Mangled by an ice beast

Illustrated notes

Levels and vault maps discovered:
D:1:      minmay_arrival_jagged, layout_loops_ring
D:2:      layout_loops_ring, chequers_serial_rivers_large_b,
          lightli_corner_chamber
D:3:      layout_basic, hangedman_ru_absence, uniq_robin
D:4:      layout_basic, nicolae_qazlal_style_of_elements
D:5:      layout_basic, nicolae_dithmenos_through_a_glass_darkly,
          minmay_temple_entry_offerings, dk_noncrumbling_2,
          vehumet_altar_wand_db, uniq_ijyb, uniq_sigmund

Skill      XL: |  1  2  3  4  5  6 |
---------------+-------------------+-----
Fighting       | 2 3 |  3.6
Throwing       | 2 |  2.0
Stealth        | 1 2 3 4 |  4.7
Dodging        | 4 5 |  5.1
Long Blades    | 4 |  4.6

Action                   |  1- 3 |  4- 6 || total
-------------------------+-------+-------++-------
Melee: Long sword        |   121 |   175 ||   296
       Bite              |    15 |    30 ||    45
Invok: Sacrifice Love    |       |     1 ||     1
  Use: Scroll            |       |    10 ||    10
 Stab: Sleeping          |       |     4 ||     4
Armor: Leather armour    |    12 |     1 ||    13
       Ring mail         |    30 |    52 ||    82
Dodge: Dodged            |   105 |   127 ||   232
       Rpst.: Long sword |    32 |    33 ||    65

Table legend: (Time is in decaauts)
 A = Elapsed time spent in this place.
 B = Non-inter-level travel time spent in this place.
 C = Inter-level travel time spent in this place.
 D = Time resting spent in this place.
 E = Time spent auto-exploring this place.
 F = Levels seen in this place.
 G = Mean time per level.
                   A        B        C        D        E       F      G
               +--------+--------+--------+--------+--------+-----+--------+
         Total |   3917 |   3834 |     83 |    789 |   2142 |   5 |  783.4 |
       Dungeon |   3917 |   3834 |     83 |    789 |   2142 |   5 |  783.4 |
               +--------+--------+--------+--------+--------+-----+--------+

Top non-repeatable levels by time:
     D:4: 1170 daAuts
     D:3: 1123 daAuts
     D:1: 793 daAuts
     D:2: 662 daAuts
     D:5: 168 daAuts
